 Dungeon Sprint DCSS version 0.17-a0-226-ge260c71 (webtiles) character file.

205 BluebellGnoll the Arsonist (level 5, -2/31 HPs)
             Began as an Octopode Fire Elementalist on Mar 28, 2015.
             Was a Follower of Vehumet.
             Killed from afar by a hell hound (21 damage)
             ... with a blast of flame
             ... in the Dungeon (Sprint V: "Ziggurat Sprint").
             The game lasted 00:03:43 (485 turns).

BluebellGnoll the Arsonist (OpFE)                    Turns: 485, Time: 00:03:44

Health: -2/31      AC:  1    Str: 19    XL:     5   Next: 83%
Magic:  24/24      EV: 13    Int: 36    God:    Vehumet [*.....]
Gold:   0          SH:  0    Dex: 25    Spells: 5 memorised, 3 levels left

rFire  . . .     SeeInvis .     s - +6 Majin-Bo {vamp, Archmagi MP+6 Int+6}
rCold  . . .     Clarity  .     (no shield)
rNeg   . . .     SustAb   .     (helmet restricted)
rPois  .         Gourm    .     (no amulet)
rElec  .         Spirit   .     m - +6 ring of dexterity
rCorr  .         Warding  .     n - +6 ring of dexterity
rMut   .         NoTele   +     o - +6 ring of intelligence
MR     .....                    p - +6 ring of intelligence
Stlth  ++++......               q - +6 ring of strength
                                r - +6 ring of strength
                                (no ring)
                                (no ring)

@: very slightly contaminated, hasted, very quick, not resistant to hostile
enchantments, stealthy
A: almost no armour, amphibious, 8 rings, constrict 8, camouflage 1, gelatinous
body 1
a: Renounce Religion


You were in the Dungeon.
You worshipped Vehumet.
Vehumet was aware of your devotion.
You were hungry.

You visited 1 branch

Inventory:

Hand weapons
 s - the +6 Majin-Bo (weapon) {vamp, Archmagi MP+6 Int+6}
   (You found it in the Dungeon)

   It inflicts no extra harm, but heals its wielder somewhat when it strikes a
   living foe.
   It affects your intelligence (+6).
   It affects your magic capacity (+6).
 J - a +5 lajatang
Rods
 G - a cursed +6 rod of inaccuracy (11/11)
   (You found it in the Dungeon)
Jewellery
 m - a +6 ring of dexterity (left tentacle)
 n - a +6 ring of dexterity (right tentacle)
 o - a +6 ring of intelligence (on tentacle)
 p - a +6 ring of intelligence (on tentacle)
 q - a +6 ring of strength (on tentacle)
 r - a +6 ring of strength (on tentacle)
 K - an uncursed ring of positive energy
Magical devices
 a - a wand of disintegration (7)
 j - a wand of fire (5)
 k - a wand of cold (3)
 l - a wand of draining (5)
Scrolls
 i - 4 scrolls of blinking
 v - 4 scrolls of amnesia
 w - 3 scrolls of recharging
 x - 7 scrolls of fog
 y - a scroll of holy word
 z - 5 scrolls of identify
 A - 5 scrolls of remove curse
 B - 2 scrolls of fear
Potions
 d - 10 potions of curing
 e - 8 potions of heal wounds
 f - 5 potions of haste
 g - 7 potions of magic
 h - 3 potions of berserk rage
 C - 2 potions of brilliance
 D - 2 potions of invisibility
 E - 2 potions of restore abilities
 F - 4 potions of resistance
 H - 5 potions of agility
 I - 5 potions of might
Books
 b - a book of Flames

   Spells                             Type                      Level
   a - Flame Tongue                   Conjuration/Fire             1
   b - Throw Flame                    Conjuration/Fire             2
   c - Conjure Flame                  Conjuration/Fire             3
   d - Inner Flame                    Hexes/Fire                   3
   e - Sticky Flame                   Conjuration/Fire             4
   f - Fireball                       Conjuration/Fire             5
 L - a Necronomicon This book is beyond your current level of understanding.

   Spells                             Type                      Level
   a - Haunt                          Necromancy/Summoning         7
   b - Borgnjor's Revivification      Necromancy                   8
   c - Death's Door                   Charms/Necromancy            8
   d - Necromutation                  Transmutation/Necromancy     8
Comestibles
 c - 5 bread rations
 t - 39 fruits
 u - 4 meat rations


   Skills:
 * Level 2.0 Dodging
 - Level 2.6 Stealth
 + Level 7.1 Spellcasting
 - Level 5.2 Conjurations
 - Level 8.8 Fire Magic


You had 3 spell levels left.
You knew the following spells:

 Your Spells              Type           Power        Failure   Level  Hunger
a - Flame Tongue          Conj/Fire      #####        1%          1    None
b - Throw Flame           Conj/Fire      ######       1%          2    None
d - Inner Flame           Hex/Fire       ######..     1%          3    None
e - Sticky Flame          Conj/Fire      #######.     1%          4    None
f - Fireball              Conj/Fire      #######...   6%          5    ####...


Dungeon Overview and Level Annotations

Branches:
Dungeon (1/1)

Altars:
Ashenzari
Cheibriados
Dithmenos
Elyvilon
Fedhas
Gozag
Kikubaaqudgha
Makhleb
Nemelex Xobeh
Okawaru
Qazlal
Ru
Sif Muna
Trog
Vehumet
Xom
Yredelemnul
Zin
The Shining One
Beogh
Jiyva
Lugonu


Innate Abilities, Weirdness & Mutations

You cannot wear most types of armour.
You are amphibious.
You can wear up to eight rings at the same time.
You can use your tentacles to constrict many enemies at once.
Your skin changes colour to match your surroundings (Stealth).
Your rubbery body absorbs attacks (AC +1).


Message History

This wand has 4 charges left.
The hell hound barks!
Unknown command.
Drink which item? (? for menu, Esc to quit)
You feel yourself speed up. The hell hound bites you!
You are very lightly contaminated with residual magic.
Evoke which item? (* to show all) (? for menu, Esc to quit)
Zapping:
k - a wand of cold (4)
Press: ? - help, Shift-Dir - straight line, f - hell hound
Aim: a hell hound The bolt of cold hits the hell hound.
The hell hound is frozen!
The hell hound is moderately wounded.
The bolt of cold hits the hell hound.
The hell hound is frozen!
The hell hound is heavily wounded.
This wand has 3 charges left.
The hell hound bites you. The hell hound breathes flames at you.
The blast of flame hits the hell hound.
The hell hound completely resists.
The blast of flame hits you!
Ouch! That really hurt!
You die...

▓▓▓▓▓▓▓▓▓▓▓▓▓▓▓▓▓▓▓
▓.8©8.▓.8©8.▓.8©8.▓
▓.}}}.▓.....▓.....▓
▓..}..▓.....▓.).|.▓
▓.....▓.....▓.....▓
▓..h..▓.....▓...†.▓
▓..h..▓.....▓.....▓
▓.h@.v▓.....▓▓▓▓▓▓▓
▓▓▓▓▓▓▓▓▓▓▓▓▓


You could see a fire vortex and 3 hell hounds.

Vanquished Creatures
  2 ice beasts (D)
  A sheep (D)
  A jackal (D)
  A quokka simulacrum (D)
5 creatures vanquished.

Notes
Turn   | Place    | Note
--------------------------------------------------------------
     0 | D        | BluebellGnoll, the Octopode Fire Elementalist, began the quest for the Orb.
     0 | D        | Reached XP level 1. HP: 11/11 MP: 3/3
     0 | D        | Found a viscous altar of Jiyva.
     0 | D        | Found a corrupted altar of Lugonu.
     0 | D        | Found a white marble altar of Elyvilon.
     2 | D        | Found a sparkling altar of Nemelex Xobeh.
     2 | D        | Found a burning altar of Makhleb.
     3 | D        | Found a deep blue altar of Sif Muna.
     3 | D        | Found a bloodstained altar of Trog.
     6 | D        | Found an iron altar of Okawaru.
    17 | D        | Found a radiant altar of Vehumet.
    20 | D        | Found a basalt altar of Yredelemnul.
    21 | D        | Found a shimmering altar of Xom.
    36 | D        | Became a worshipper of Vehumet
    37 | D        | Reached skill level 7 in Spellcasting
    37 | D        | Reached XP level 2. HP: 17/17 MP: 4/12
   127 | D        | Entered arena 1.
   132 | D        | Reached XP level 3. HP: 18/21 MP: 14/14
   205 | D        | Learned a level 2 spell: Throw Flame
   209 | D        | Learned a level 3 spell: Inner Flame
   210 | D        | Entered arena 2.
   210 | D        | Noticed an ice beast
   210 | D        | Noticed an ice beast
   215 | D        | Killed an ice beast
   215 | D        | Acquired Vehumet's first power
   215 | D        | Offered knowledge of Freeze by Vehumet.
   215 | D        | Reached XP level 4. HP: 2/27 MP: 17/17
   215 | D        | Reached XP level 5. HP: 2/31 MP: 17/18
   215 | D        | HP: 1/31 [the Majin-Bo (1)]
   225 | D        | Killed an ice beast
   225 | D        | Reached skill level 5 in Conjurations
   225 | D        | Reached skill level 8 in Fire Magic
   233 | D        | Learned a level 4 spell: Sticky Flame
   239 | D        | Learned a level 5 spell: Fireball
   482 | D        | Entered arena 3.
   482 | D        | Noticed a hell hound
   482 | D        | Noticed a fire vortex
   482 | D        | Noticed a hell hound
   482 | D        | Noticed a hell hound
   485 | D        | Killed from afar by a hell hound

Action                   |  1- 3 |  4- 6 || total
-------------------------+-------+-------++-------
Melee: Quarterstaff      |       |     3 ||     3
 Cast: Flame Tongue      |     8 |     6 ||    14
Evoke: Wand              |       |     2 ||     2
  Use: Potion            |     1 |     3 ||     4
  Eat: Fruit             |     3 |       ||     3
